 Dungeon Crawl Stone Soup version 0.29-a0-103-g37f86683bf (webtiles) character file.

Game seed: 14550572012930210068

759 drugrobin the Poker (level 7, -2/53 HPs)
             Began as a Demigod Warper on Feb 16, 2022.
             Killed from afar by a white imp (5 damage)
             ... with a puff of frost
             ... on level 6 of the Dungeon.
             The game lasted 00:13:18 (7522 turns).

drugrobin the Poker (Demigod Warper)                Turns: 7522, Time: 00:13:19

Health: -2/53      AC:  6    Str: 14    XL:     7   Next: 25%
Magic:  10/12      EV: 12    Int: 15    God:
Gold:   390        SH:  0    Dex: 15    Spells: 4/9 levels left

rFire   + . .      SeeInvis .   b - +0 hunting sling
rCold   . . .      Faith    .   (no shield)
rNeg    . . .      Spirit   .   y - +2 leather armour {rF+}
rPois   .          Reflect  .   (no helmet)
rElec   .          Harm     .   (no cloak)
rCorr   .          Rampage  .   (no gloves)
Will    +....                   n - +0 pair of boots
Stlth   +.........              (no amulet)
HPRegen 0.17/turn               x - ring of willpower
MPRegen 0.13/turn               (no ring)

@: no status effects
A: high MP 1, forlorn, divine attributes, clumsy 1, weak 1, wild magic 1
a: no special abilities


You were on level 6 of the Dungeon.
You visited 1 branch of the dungeon, and saw 6 of its levels.

You collected 390 gold pieces.

Inventory:

Hand Weapons
 a - a +0 trident
 b - a +0 hunting sling (weapon)
 c - a +1 short sword of venom
 s - a +0 spear
Missiles
 d - 3 boomerangs of dispersal
 g - 223 stones
 l - 44 arrows
 w - 14 sling bullets (quivered ammo)
Armour
 n - a +0 pair of boots (worn)
 y - a +2 leather armour of fire resistance (worn)
Jewellery
 x - a ring of willpower (left hand)
Wands
 m - a wand of iceblast (6)
Scrolls
 e - 3 scrolls of identify
 f - a scroll of fear {unknown}
 h - 2 scrolls of brand weapon {unknown}
 i - 3 scrolls of blinking
 o - a scroll of enchant armour {unknown}
 p - 3 scrolls of immolation {unknown}
 q - 2 scrolls of noise {unknown}
 v - a scroll of magic mapping {unknown}
Potions
 j - a potion of cancellation
 k - 2 potions of invisibility
 u - 2 potions of flight


   Skills:
 - Level 1.7 Fighting
 + Level 7.9 Polearms
 - Level 0.8 Throwing
 - Level 0.8 Armour
 - Level 1.7 Dodging
 - Level 1.7 Spellcasting
 - Level 2.7 Translocations


You had 4 spell levels left.
You knew the following spells:

 Your Spells              Type           Power      Damage    Failure   Level
a - Blink                 Tloc           24%        N/A       21%         2
b - Teleport Other        Tloc           12%        N/A       34%         3

Your spell library contained the following spells:

 Spells                   Type           Power      Damage    Failure   Level
 Gell's Gravitas          Tloc           12%        N/A       34%         3
 Lesser Beckoning         Tloc           12%        N/A       34%         3
 Beastly Appendage        Tmut           2%         N/A       36%         1
 Foxfire                  Conj/Fire      4%         2x1d4     36%         1
 Shock                    Conj/Air       4%         1d3       36%         1
 Ensorcelled Hibernation  Hex/Ice        2%         N/A       47%         2
 Passwall                 Tmut/Erth      0%         N/A       47%         2
 Sublimation of Blood     Necr           1%         N/A       47%         2
 Wereblood                Tmut           1%         N/A       47%         2
 Conjure Flame            Conj/Fire      1%         6-21      71%         3
 Inner Flame              Hex/Fire       1%         N/A       71%         3
 Spider Form              Tmut/Pois      1%         N/A       71%         3
 Swiftness                Air            1%         N/A       71%         3
 Airstrike                Air            0%         N/A       97%         4
 Flame Wave               Conj/Fire      1%         2d4       97%         4
 Manifold Assault         Tloc           12%        N/A       96%         5
 Summon Hydra             Summ           0%         N/A       100%        7


Dungeon Overview and Level Annotations

Branches:
Dungeon (6/15)
 Temple: D:4-7

Shops:
D:1 [   D:4 *


Innate Abilities, Weirdness & Mutations

You have an increased reservoir of magic. (+10% MP)
You shall have no god before yourself.
Your divine heritage dramatically boosts your attributes as you level up.
You are clumsy. (Dex -2)
You are weak. (Str -2)
Your spells are a little harder to cast, but a little more powerful.


Message History

You puncture the phantom!
The phantom is moderately damaged.
You barely miss the phantom.
The phantom is moderately damaged.
The phantom closely misses you.
You hit the phantom.
The phantom is heavily damaged.
The phantom hits you.
The phantom blinks!
You blink.
The white imp sputters.
You closely miss the phantom.
The phantom is heavily damaged.
The phantom hits you.
The phantom blinks!
You blink.
You puncture the phantom!
The phantom is severely damaged.
The phantom hits you.
* * * LOW HITPOINT WARNING * * *
The white imp gestures at you. The puff of frost hits you.
* * * LOW HITPOINT WARNING * * *
Okay, then.
Unknown command.
Casting: Blink (safe; 21% risk of failure)
Confirm with . or Enter, or press ? or * to list all spells.
You blink.
Unknown command.
Okay, then.
b - a +0 hunting sling (weapon)
Fire: 15 sling bullets
Press: ? - help, Q - select action, (/) - cycle Shift-Dir - straight line, f - phantom
Aim: a phantom (severely damaged, 46% to hit)
You shoot a sling bullet.
The sling bullet completely misses the phantom.
Unknown command.
Unknown command.
The phantom hits you!
* * * LOW HITPOINT WARNING * * *
You feel stable enough to blink again. The white imp gestures at you.
The puff of frost hits you.
You die...

##.
##ยง.##
##
#..(###
#..5..#
#.....#
#.....#
#.....#
##....#
#....#
#..W@#
######


You could see a phantom and a white imp.

Vanquished Creatures
  A water moccasin (D:6)
  A black bear (D:4)
  A necrophage (D:6)
  A phantom (D:5)
  A bullfrog (D:4)
  2 scorpions
  A hound (D:6)
  An iguana (D:4)
  A hound skeleton (D:4)
  4 gnolls (D:4)
  3 adders
  An adder skeleton (D:5)
  A worm (D:2)
  A dart slug (D:2)
  5 orcs
  6 endoplasms
  4 giant cockroaches
  9 goblins
  5 hobgoblins
  8 jackals (D:4)
  2 quokkas (D:3)
  8 ball pythons
  3 bats
  6 kobolds
  5 rats
81 creatures vanquished.

Vanquished Creatures (others)
  A plant (D:3)
1 creature vanquished.

Grand Total: 82 creatures vanquished

Notes
Turn   | Place    | Note
-------+----------+-------------------------------------------
     0 | D:1      | drugrobin the Demigod Warper began the quest for the Orb.
     0 | D:1      | Reached XP level 1. HP: 17/17 MP: 5/5
   238 | D:1      | Found Zecel's Armour Shop.
   303 | D:1      | Reached skill level 2 in Polearms
   983 | D:2      | Reached XP level 2. HP: 5/24 MP: 7/7
  1474 | D:2      | Reached skill level 3 in Polearms
  1810 | D:2      | Reached XP level 3. HP: 25/29 MP: 8/8
  2331 | D:3      | Learned a level 2 spell: Blink
  2362 | D:3      | Learned a level 3 spell: Teleport Other
  2782 | D:3      | Noticed an ogre
  3320 | D:3      | Reached skill level 4 in Polearms
  3407 | D:4      | Noticed a scorpion
  3459 | D:3      | HP: 1/29 [scorpion (8)]
  3461 | D:3      | Killed a scorpion
  3462 | D:3      | Reached XP level 4. HP: 12/36 MP: 1/9
  3722 | D:4      | Reached skill level 5 in Polearms
  3722 | D:4      | Reached XP level 5. HP: 22/41 MP: 10/10
  4518 | D:4      | Found Hadan's Neck Hole.
  5453 | D:4      | Noticed a black bear
  5478 | D:4      | Killed a black bear
  5479 | D:4      | Reached skill level 6 in Polearms
  5479 | D:4      | Reached XP level 6. HP: 17/48 MP: 11/11
  5724 | D:5      | Entered Level 5 of the Dungeon
  6703 | D:5      | Reached skill level 7 in Polearms
  7030 | D:6      | Reached XP level 7. HP: 44/53 MP: 12/12
  7115 | D:6      | Gained mutation: You are weak. (Str -2) [potion of
                  | mutation]
  7115 | D:6      | Gained mutation: Your spells are a little harder to cast,
                  | but a little more powerful. [potion of mutation]
  7115 | D:6      | Gained mutation: You are clumsy. (Dex -2) [potion of
                  | mutation]
  7120 | D:6      | HP: 3/79 [poisoned by a water moccasin]
  7123 | D:6      | HP: 1/79 [poisoned by a water moccasin]
  7521 | D:6      | HP: 2/53 [phantom (8)]
  7522 | D:6      | Killed from afar by a white imp

Illustrated notes

Levels and vault maps discovered:
D:1:      dpeg_arrival_court, layout_basic, serial_shops, shop,
          minmay_misc_feat_secret_circle, minmay_pentomino_r2
D:2:      layout_basic, minmay_liquid_box
D:3:      layout_loops_cross, shapermc_ecumenical_altar_flowoftime
D:4:      layout_basic, nicolae_shop_sticking_my_neck_out
D:5:      layout_basic, general_overflow_altar, kennysheep_cross_bottleneck
D:6:      layout_rooms, cheibriados_altar_1, temple_statues, serial_shops, shop,
          dk_noncrumbling_4

Skill      XL: |  1  2  3  4  5  6 |
---------------+-------------------+-----
Polearms       | 2 3 4 5 6 7 |  7.9
Fighting       | |  1.7
Throwing       | |  0.8
Armour         | |  0.8
Dodging        | |  1.7
Spellcasting   | |  1.7
Translocations | |  2.7

Action                   |  1- 3 |  4- 6 |  7- 9 || total
-------------------------+-------+-------+-------++-------
Melee: Spear             |   121 |       |       ||   121
       Trident           |    94 |   150 |    27 ||   271
       Short sword       |       |    10 |       ||    10
       Punch             |       |     1 |       ||     1
 Fire: Hunting sling     |       |     5 |     9 ||    14
Throw: Stone             |    10 |    11 |       ||    21
       Boomerang         |       |     2 |       ||     2
 Cast: Blink             |     5 |     4 |     1 ||    10
       Teleport Other    |     1 |     1 |       ||     2
Evoke: Wand              |       |       |     1 ||     1
  Use: Potion            |     2 |       |     2 ||     4
       Scroll            |       |     4 |       ||     4
Armor: Chain mail        |    55 |       |       ||    55
       Leather armour    |    12 |    60 |     7 ||    79
       Skin              |       |       |     2 ||     2
Dodge: Dodged            |    61 |    97 |    12 ||   170

Table legend: (Time is in decaauts)
 A = Elapsed time spent in this place.
 B = Non-inter-level travel time spent in this place.
 C = Inter-level travel time spent in this place.
 D = Time resting spent in this place.
 E = Time spent auto-exploring this place.
 F = Levels seen in this place.
 G = Mean time per level.
                   A        B        C        D        E       F      G
               +--------+--------+--------+--------+--------+-----+--------+
         Total |   7531 |   7093 |    438 |   1309 |   4391 |   6 | 1255.2 |
       Dungeon |   7531 |   7093 |    438 |   1309 |   4391 |   6 | 1255.2 |
               +--------+--------+--------+--------+--------+-----+--------+

Top non-repeatable levels by time:
     D:4: 2173 daAuts
     D:2: 1599 daAuts
     D:3: 1450 daAuts
     D:5: 994 daAuts
     D:1: 792 daAuts
     D:6: 521 daAuts
